Map: 젠 - 래더

Players

ShoWTimE

  • Race: Protoss Protoss
  • Spawn Location: 7:00

Rogue - Winner!

  • Race: Zerg Zerg
  • Spawn Location: 1:00

Event: IEM Katowice 2020

VOD

Have the link to the VOD?

Description

Time

  • Played on: Feb. 27, 2020, 11:02 a.m.
  • Length: 18:33

All games in this series

Show
View Real Time Build Order
Export as new Build Order

ShoWTimE Protoss 

Build Orders: 1 Gate Expand, Oracle Opening, Archon Immortal 

Get SALT Encoding   

  12  0:00  Probe  
  13  0:12  Probe  
  14  0:18  Pylon  
  14  0:24  Probe  
  15  0:36  Probe (Chrono Boost)  
  15  0:40  Gateway  
  16  0:46  Probe (Chrono Boost)  
  16  0:49  Assimilator  
  17  0:51  Probe (Chrono Boost)  
  18  1:03  Probe  
  19  1:15  Probe  
  20  1:26  Nexus  
  20  1:35  Cybernetics Core  
  20  1:39  Probe  
  21  1:43  Assimilator  
  21  1:51  Probe  
  22  1:54  Pylon  
  22  2:03  Probe  
  23  2:09  Adept (Chrono Boost)  
  26  2:15  Probe  
  26  2:23  Stargate  
  26  2:28  Probe (Chrono Boost)  
  27  2:30  Adept (Chrono Boost)  
  29  2:38  Probe (Chrono Boost)  
  29  2:40  Warp Gate  
  31  2:45  Probe (Chrono Boost)  
  31  2:47  Probe (Chrono Boost)  
  32  2:52  Probe x2 (Chrono Boost)  
  32  2:55  Adept  
  36  3:04  Probe x2  
  38  3:05  Oracle (Chrono Boost)  
  38  3:12  Pylon  
  41  3:16  Probe x2  
  43  3:25  Adept  
  45  3:28  Probe  
  45  3:30  Probe  
  45  3:40  Probe  
  46  3:42  Probe  
  46  3:43  Oracle (Chrono Boost)  
  48  3:50  Pylon  
  48  3:52  Probe  
  48  3:54  Probe  
  50  3:57  Nexus  
  50  4:04  Probe  
  50  4:06  Probe, Gateway  
  52  4:10  Oracle (Chrono Boost)  
  52  4:16  Probe  
  56  4:18  Probe  
  56  4:19  Pylon  
  57  4:26  Assimilator  
  57  4:28  Probe, Pylon  
  57  4:30  Probe  
  57  4:31  Assimilator  
  59  4:34  Robotics Facility  
  59  4:38  Shield Battery  
  59  4:40  Probe  
  59  4:42  Probe  
  61  4:48  Adept, Forge  
  63  4:53  Probe  
  63  4:54  Probe  
  65  5:01  Gateway  
  65  5:05  Probe, Adept  
  65  5:06  Probe  
  69  5:09  Probe  
  70  5:20  Probe (Chrono Boost)  
  73  5:21  Probe (Chrono Boost)  
  73  5:23  Probe (Chrono Boost), Protoss Ground Weapons Level 1  
  73  5:26  Observer  
  74  5:29  Sentry  
  74  5:30  Probe (Chrono Boost)  
  74  5:32  Probe (Chrono Boost)  
  74  5:33  Probe (Chrono Boost)  
  79  5:35  Probe (Chrono Boost)  
  79  5:36  Sentry  
  79  5:38  Gateway  
  79  5:41  Probe  
  79  5:42  Pylon  
  83  5:43  Probe  
  83  5:44  Assimilator  
  83  5:46  Assimilator  
  83  5:47  Probe  
  85  5:50  Immortal (Chrono Boost)  
  85  5:53  Probe  
  85  5:55  Probe  
  91  5:58  Twilight Council  
  91  5:59  Probe  
  91  6:00  Pylon  
  92  6:05  Probe  
  92  6:07  Probe  
  94  6:14  Sentry  
  94  6:15  Sentry  
  94  6:17  Probe  
  100  6:19  Probe, Gateway  
  100  6:21  Gateway  
  100  6:22  Immortal (Chrono Boost), Photon Cannon  
  104  6:29  Gateway  
  104  6:39  Charge  
  104  6:40  Templar Archives  
  104  6:45  Gateway, Pylon  
  104  6:48  Gateway  
  104  6:50  Gateway  
  104  6:52  Zealot x2  
  104  6:53  Pylon  
  108  6:55  Pylon  
  108  7:03  Warp Prism (Chrono Boost)  
  108  7:04  Pylon  
  108  7:05  Photon Cannon  
  108  7:06  Pylon  
  108  7:07  Photon Cannon  
  110  7:09  Zealot x2  
  114  7:21  Shield Battery  
  114  7:23  Pylon, Shield Battery  
  114  7:24  High Templar x4  
  114  7:28  Pylon, Immortal (Chrono Boost)  
  126  7:31  Archon x2  
  126  7:36  Protoss Ground Weapons Level 2 (Chrono Boost)  
  126  7:45  Pylon  
  126  7:47  Zealot x2  
  126  7:48  Zealot x3  
  136  7:53  Robotics Facility  
  136  7:55  Sentry  
  138  7:59  Immortal (Chrono Boost)  
  138  8:04  Zealot x4  
  144  8:19  High Templar x2  
  148  8:20  Zealot x4  
  148  8:24  Archon  
  148  8:25  Pylon  
  156  8:28  Nexus  
  156  8:34  Pylon  
  156  8:36  Immortal  
  160  8:45  Zealot x2  
  160  8:46  Zealot x4  
  173  8:48  Observer  
  173  8:51  Zealot x2  
  173  8:54  Blink  
  173  8:58  Photon Cannon  
  171  9:05  High Templar x2  
  171  9:06  Zealot x2  
  179  9:11  Archon  
  179  9:13  Zealot x3  
  179  9:15  Probe x2  
  181  9:19  Zealot x2  
  173  9:32  Probe x3  
  173  9:34  Fleet Beacon  
  173  9:36  Zealot x2  
  164  9:50  Probe, Stargate  
  164  9:51  Probe  
  160  9:53  Stalker  
  160  9:55  Zealot x4  
  170  10:02  Zealot x2  
  170  10:05  Assimilator  
  174  10:08  Zealot x2  
  174  10:09  Assimilator  
  174  10:12  Zealot  
  172  10:22  Protoss Ground Weapons Level 3 (Chrono Boost)  
  169  10:36  Carrier (Chrono Boost)  
  181  10:43  Carrier (Chrono Boost)  
  172  10:50  Zealot x7  
  180  11:04  Zealot x3  
  180  11:11  Zealot x5  
  174  11:25  Nexus, Zealot x3  
  167  11:29  Zealot  
  167  11:32  Zealot x2  
  161  11:40  Probe x2  
  161  11:44  Pylon  
  159  11:47  High Templar  
  159  11:48  High Templar x3  
  159  11:52  Archon x2  
  151  11:58  Zealot x3  
  123  12:09  Carrier x2  
  133  12:20  Pylon, Zealot x4  
  141  12:28  Zealot  
  137  12:36  Probe  
  139  12:37  Probe x2  
  139  12:41  Zealot x3  
  146  12:47  High Templar  
  146  12:48  High Templar x2  
  124  13:08  Archon  
  124  13:09  High Templar x2  
  124  13:10  High Templar, Zealot  
  124  13:11  Probe  
  133  13:14  Archon  
  133  13:17  Carrier (Chrono Boost)  
  127  13:30  Immortal (Chrono Boost)  
  127  13:34  High Templar x2  
  129  13:40  Archon  
  109  13:44  Zealot x5  
  119  13:49  Pylon  
  113  14:01  Probe x2  
  113  14:02  Immortal, Nexus  
  112  14:04  Probe  
  112  14:07  Void Ray (Chrono Boost)  
  105  14:13  Probe  
  105  14:15  Probe  
  105  14:16  Probe  
  112  14:19  Pylon  
  112  14:23  Zealot  
  114  14:25  Probe  
  109  14:32  Probe  
  110  14:39  High Templar  
  110  14:40  High Templar  
  110  14:44  Archon  
  112  14:49  High Templar x2  
  116  14:53  Archon  
  116  14:55  High Templar x2  
  116  14:59  Archon  
  116  15:07  Assimilator x2  
  116  15:14  Probe, Gateway  
  114  15:16  Gateway  
  114  15:17  Gateway  
  115  15:25  Zealot x4  
  123  15:30  Probe  
  120  15:41  Immortal (Chrono Boost)  
  100  15:44  Immortal (Chrono Boost)  
  86  15:55  Zealot x4  
  90  16:12  Zealot x4  
  96  16:28  Cybernetics Core  
  86  17:05  Stalker x7  
  95  17:38  Stalker x4  
  95  17:39  Stalker x2  
Show
View Real Time Build Order
Export as new Build Order

Rogue Zerg - Winner!

Build Orders: Hatch First, Swarm Host 

Get SALT Encoding   

  12  0:01  Drone  
  13  0:12  Overlord  
  13  0:16  Drone  
  14  0:31  Drone  
  15  0:45  Hatchery  
  15  0:48  Drone  
  15  0:51  Drone  
  15  0:55  Drone  
  17  1:00  Drone  
  18  1:09  Extractor  
  17  1:16  Spawning Pool  
  16  1:19  Drone  
  16  1:22  Drone  
  18  1:32  Drone  
  19  1:44  Drone  
  20  1:53  Overlord  
  20  2:02  Queen  
  20  2:03  Zergling x2, Queen  
  20  2:04  Zergling x2  
  26  2:10  Drone  
  26  2:14  Metabolic Boost  
  27  2:17  Drone  
  27  2:19  Drone  
  29  2:26  Drone  
  30  2:39  Hatchery  
  30  2:44  Drone x2  
  30  2:46  Drone  
  32  2:54  Queen  
  32  2:58  Overlord  
  34  3:00  Zergling x2  
  34  3:03  Zergling x2  
  36  3:16  Drone  
  36  3:17  Drone x5  
  42  3:23  Overlord  
  42  3:25  Spore Crawler  
  42  3:26  Drone  
  40  3:34  Drone  
  39  3:38  Drone  
  39  3:44  Drone x2  
  39  3:45  Drone x2  
  43  3:51  Queen  
  43  3:52  Drone  
  43  3:55  Drone x2  
  48  4:05  Spore Crawler  
  48  4:06  Overlord  
  48  4:07  Spore Crawler  
  48  4:08  Drone x2  
  49  4:10  Drone  
  49  4:12  Drone  
  49  4:14  Drone x2  
  52  4:18  Drone x2  
  52  4:20  Drone  
  52  4:23  Overlord  
  55  4:26  Drone  
  55  4:27  Drone x2  
  58  4:33  Queen  
  58  4:34  Drone x2  
  62  4:38  Drone  
  62  4:43  Spore Crawler  
  62  4:44  Extractor  
  62  4:45  Drone x6  
  64  4:46  Drone  
  64  4:47  Drone  
  64  4:51  Drone  
  70  4:55  Drone  
  70  4:58  Lair  
  70  4:59  Overlord  
  71  5:00  Overlord  
  71  5:02  Extractor  
  71  5:03  Extractor, Drone  
  71  5:04  Drone x2  
  71  5:06  Extractor  
  72  5:07  Drone  
  72  5:08  Extractor  
  72  5:10  Drone  
  72  5:13  Drone  
  71  5:14  Overlord  
  71  5:20  Drone x6, Roach Warren  
  76  5:23  Drone  
  76  5:26  Drone  
  79  5:28  Drone  
  79  5:36  Evolution Chamber  
  79  5:37  Zergling x2  
  79  5:38  Zergling x8  
  79  5:42  Zergling x8  
  87  5:46  Overlord  
  87  5:54  Overlord x2  
  87  6:00  Glial Reconstitution, Drone  
  87  6:02  Drone  
  89  6:04  Infestation Pit  
  89  6:06  Zerg Missile Weapons Level 1  
  89  6:10  Drone  
  89  6:11  Hatchery, Overlord x2  
  86  6:18  Overseer  
  86  6:29  Nydus Network  
  85  6:35  Overlord  
  85  6:42  Swarm Host x10  
  85  6:45  Overlord x2  
  115  6:50  Drone  
  114  6:54  Roach  
  114  6:55  Roach x6  
  114  6:57  Roach  
  129  7:02  Overlord  
  129  7:05  Nydus Canal  
  129  7:08  Roach x6  
  138  7:20  Nydus Canal  
  138  7:22  Drone x7  
  143  7:28  Swarm Host x3  
  149  7:40  Swarm Host x3  
  149  7:44  Overlord  
  156  7:45  Roach  
  156  7:46  Zergling x14, Roach x2  
  156  7:50  Nydus Canal  
  169  7:55  Extractor  
  169  7:56  Extractor, Overlord x3  
  167  8:01  Zergling x2  
  167  8:02  Zergling x2  
  167  8:04  Zergling x4  
  169  8:07  Roach x2  
  169  8:08  Roach x3  
  169  8:09  Nydus Canal  
  169  8:12  Zerg Missile Weapons Level 2  
  167  8:13  Drone  
  167  8:14  Drone  
  167  8:18  Ravager  
  167  8:19  Roach x2  
  170  8:20  Roach  
  170  8:24  Zergling x8  
  174  8:30  Roach  
  174  8:31  Roach x3, Overlord  
  182  8:36  Overlord  
  182  8:37  Overlord  
  179  8:46  Nydus Canal  
  179  8:47  Overlord  
  175  8:49  Pneumatized Carapace  
  175  8:51  Roach x4  
  179  9:01  Roach  
  179  9:02  Roach x5  
  188  9:03  Roach  
  188  9:04  Nydus Canal  
  188  9:08  Drone x3  
  181  9:18  Roach x5  
  181  9:20  Roach  
  195  9:24  Roach x3  
  195  9:26  Roach  
  183  9:35  Nydus Canal  
  183  9:37  Roach  
  183  9:38  Roach x4  
  178  9:41  Drone x2  
  178  9:42  Drone  
  174  9:53  Ravager x7  
  174  9:54  Hatchery  
  174  9:57  Nydus Canal  
  179  10:03  Roach x4  
  187  10:08  Zergling x10  
  180  10:25  Roach x10  
  192  10:32  Nydus Canal  
  192  10:34  Zerg Ground Armor Level 1  
  192  10:36  Roach  
  192  10:37  Roach x2  
  192  10:42  Overlord  
  198  10:43  Overlord  
  198  10:46  Overlord  
  193  10:51  Nydus Canal  
  193  10:53  Roach x2  
  187  11:02  Roach  
  187  11:03  Roach x6  
  190  11:15  Roach  
  190  11:16  Roach x4  
  194  11:20  Roach  
  194  11:21  Roach x3  
  184  11:26  Roach  
  184  11:27  Roach x2  
  184  11:29  Roach  
  184  11:30  Roach  
  184  11:32  Roach  
  184  11:34  Zergling x4  
  184  11:35  Zergling x2  
  184  11:38  Ravager, Roach  
  184  11:39  Ravager  
  185  11:46  Roach x3  
  189  11:53  Roach x3  
  189  11:54  Roach  
  189  11:55  Roach  
  182  12:03  Spire, Nydus Network  
  176  12:10  Drone x3  
  176  12:13  Zergling x2  
  163  12:25  Roach x5  
  163  12:29  Ravager x2  
  177  12:30  Ravager x2  
  177  12:39  Nydus Canal  
  177  12:42  Roach  
  179  12:45  Zergling x4, Hatchery  
  179  12:46  Zergling x6  
  179  12:49  Spore Crawler  
  171  12:53  Spore Crawler  
  171  12:55  Zergling x12  
  148  13:09  Queen  
  147  13:20  Corruptor  
  147  13:21  Corruptor x6  
  147  13:24  Corruptor  
  162  13:30  Corruptor  
  160  13:43  Nydus Canal  
  160  13:45  Roach x7  
  176  13:48  Roach x2  
  176  13:55  Roach  
  176  13:56  Queen x2  
  176  13:57  Roach  
  176  14:02  Roach x3  
  168  14:11  Corruptor x2  
  168  14:17  Corruptor  
  166  14:21  Corruptor  
  166  14:22  Zergling x10  
  175  14:26  Corruptor  
  174  14:32  Nydus Canal  
  174  14:36  Corruptor  
  174  14:37  Zergling x8  
  174  14:43  Corruptor  
  176  14:50  Corruptor  
  176  14:51  Zergling x8  
  176  14:52  Zergling x4  
  184  14:58  Zergling x6  
  184  14:59  Zergling x2  
  188  15:05  Roach  
  188  15:06  Roach  
  194  15:07  Roach  
  195  15:15  Roach  
  195  15:16  Overlord  
  195  15:19  Nydus Canal  
  195  15:20  Overlord  
  196  15:23  Overlord  
  179  15:37  Hatchery  
  179  15:38  Roach  
  179  15:39  Roach x4  
  179  15:41  Roach  
  175  15:46  Roach  
  173  15:52  Roach  
  173  15:53  Roach x3, Nydus Canal  
  173  15:55  Roach  
  183  15:59  Roach  
  183  16:00  Roach  
  187  16:06  Roach  
  187  16:08  Roach  
  187  16:09  Roach  
  187  16:10  Roach  
  187  16:13  Roach  
  187  16:16  Roach  
  186  16:22  Roach  
  186  16:24  Roach  
  182  16:28  Roach  
  182  16:32  Drone x2  
  180  16:39  Zergling x6  
  181  16:42  Drone x2  
  183  16:58  Roach x7  
  183  17:01  Ravager, Drone  
  197  17:02  Ravager x2  
  200  17:09  Overseer x2  
  186  17:45  Roach x9  
  186  17:47  Roach  
  186  17:48  Roach  
  196  17:51  Roach x3  
  196  17:53  Spine Crawler  
  196  17:54  Zergling x2, Roach  
  196  17:55  Zergling x2  
  196  17:56  Spine Crawler x2  
  182  17:58  Zergling x2  
  182  17:59  Zergling x2  
  182  18:04  Roach  
  182  18:05  Roach  
  176  18:06  Roach  
  176  18:08  Roach  
  176  18:12  Roach x2  

Tags
 
Add a new tag
Caveats
  • Supply blocks, unpowered buildings, or Contaminate may cause inaccurate times.
  • Supply counts are checked every 10 seconds.